 Dungeon Crawl Stone Soup version 0.29-a0-284-gf9362112df (webtiles) character file.

Game seed: 2367476128442242859

98 kae the Skirmisher (level 4, -1/37 HPs)
             Began as a Merfolk Abyssal Knight on Mar 15, 2022.
             Was a Believer of Lugonu.
             Slain by a kobold brigand
             ... wielding a +0 dagger
              (3 damage)
             ... in a sewer.
             The game lasted 00:01:38 (2796 turns).

kae the Skirmisher (Merfolk Abyssal Knight)         Turns: 2796, Time: 00:01:38

Health: -1/37      AC:  4    Str: 13    XL:     4   Next: 69%
Magic:  6/6        EV: 16    Int:  9    God:    Lugonu [**....]
Gold:   134        SH:  0    Dex: 16    Spells: 3/3 levels left

rFire   . . .      SeeInvis .   a - +1 falchion
rCold   . . .      Faith    .   (no shield)
rNeg    . . .      Spirit   .   b - +1 leather armour
rPois   .          Reflect  .   (no helmet)
rElec   .          Harm     .   (no cloak)
rCorr   .          Rampage  .   (no gloves)
Will    .....                   (boots currently unavailable)
Stlth   ++........              (no amulet)
HPRegen 0.12/turn               (no ring)
MPRegen 0.10/turn               (no ring)

@: very quick
A: nimble swimmer 2, mertail
a: Renounce Religion, Depart the Abyss, Bend Space


You were in a sewer.
You worshipped Lugonu.
Lugonu was pleased with you.
You visited 1 branch of the dungeon, and saw 3 of its levels.
You visited the Abyss 1 time.
You also visited: Sewer.

You collected 134 gold pieces.

Inventory:

Hand Weapons
 a - a +1 falchion (weapon)
Armour
 b - a +1 leather armour (worn)
Scrolls
 e - a scroll of enchant armour
 k - a scroll of amnesia
Potions
 d - a potion of heal wounds
 f - a potion of brilliance {unknown}
 g - a potion of curing {unknown}
 h - a potion of resistance {unknown}
 l - a potion of cancellation {unknown}
 m - a potion of lignification {unknown}


   Skills:
 + Level 3.8 Fighting
 * Level 3.8 Long Blades
 + Level 1.3 Armour
 + Level 3.5 Dodging
 + Level 2.6 Invocations


You had 3 spell levels left.
You didn't know any spells.
Your spell library contained the following spells:

 Spells                   Type           Power      Damage    Failure   Level
 Freeze                   Ice            0%         1d3       45%         1
 Conjure Flame            Conj/Fire      0%         6-21      83%         3
 Frozen Ramparts          Ice            0%         1d2       83%         3
 Ignite Poison            Fire/Tmut/Pois 0%         N/A       83%         3
 Hailstorm                Conj/Ice       0%         3d3       99%         4
 Sticky Flame             Conj/Fire      0%         2d3       99%         4


Dungeon Overview and Level Annotations

Branches:
Dungeon (3/15)              Sewer (1/1)

Altars:


Innate Abilities, Weirdness & Mutations

You are very nimble when in or above water. (Stealth+, EV+, Speed+++)
Your lower body shifts to a powerful aquatic tail in water.


Message History

You hit the kobold brigand but do no damage.
The kobold brigand is severely wounded.
The kobold brigand misses you. The kobold barely misses you.
You hit the kobold brigand.
Your tail-slap misses the kobold brigand.
The kobold brigand is almost dead.
The kobold brigand hits you but does no damage.
The kobold barely misses you.
You barely miss the kobold brigand.
The kobold brigand is almost dead.
The kobold brigand barely misses you. The kobold hits you but does no damage.
You closely miss the kobold brigand.
The kobold brigand is almost dead.
The kobold brigand misses you. The kobold closely misses you.
You barely miss the kobold brigand.
The kobold brigand is almost dead.
The kobold brigand closely misses you. The kobold hits you with a +0 whip.
You hit the kobold brigand.
The kobold brigand is almost dead.
The kobold brigand hits you with a +0 dagger.
The kobold misses you.
You barely miss the kobold brigand.
The kobold brigand is almost dead.
The kobold brigand hits you with a +0 dagger!
* * * LOW HITPOINT WARNING * * *
The kobold misses you.
You miss the kobold brigand.
The kobold brigand is almost dead.
The kobold brigand hits you with a +0 dagger.
* * * LOW HITPOINT WARNING * * *
The kobold misses you.
You closely miss the kobold brigand.
The kobold brigand is almost dead.
The kobold brigand hits you with a +0 dagger.
* * * LOW HITPOINT WARNING * * *
The kobold closely misses you.
You barely miss the kobold brigand.
The kobold brigand is almost dead.
The kobold brigand hits you with a +0 dagger.
You die...

##### ....## ...≈.##
..≈≈≈.# ...≈. K..
####K#### #..@K...#
#.≈≈≈≈≈≈# #)≈≈≈≈≈.#
#≈≈≈≈≈≈≈# #.≈≈≈≈≈≈#
#.≈≈≈≈≈≈# #..≈≈≈.≈#
#..≈≈≈≈≈############
#..≈≈≈≈≈≈≈≈≈≈≈≈≈≈≈≈≈


You could see a kobold brigand and 2 kobolds.

Vanquished Creatures
  2 adders (D:2)
  3 river rats (Sewer)
  2 dart slugs (D:1)
  5 ball pythons
  4 endoplasms
  5 giant cockroaches
  3 goblins
  4 hobgoblins
  2 jackals (D:1)
  4 quokkas
  2 bats
  A frilled lizard (D:2)
  3 kobolds
  5 rats
45 creatures vanquished.

Notes
Turn   | Place    | Note
-------+----------+-------------------------------------------
     0 | Abyss:1  | kae the Merfolk Abyssal Knight began the quest for the Orb.
     0 | Abyss:1  | Reached XP level 1. HP: 18/18 MP: 2/2
   103 | Abyss:1  | Noticed a flying skull
   104 | D:1      | Escaped the Abyss
   143 | D:1      | Reached ** piety under Lugonu
   150 | D:1      | Reached XP level 2. HP: 2/24 MP: 3/3
   724 | D:1      | Reached skill level 1 in Armour
  1049 | D:1      | Reached XP level 3. HP: 29/29 MP: 4/4
  1078 | D:1      | Found a faded altar of an unknown god.
  2193 | D:2      | Reached XP level 4. HP: 33/37 MP: 5/5
  2490 | D:3      | Found a glowing drain.
  2536 | Sewer    | Entered a sewer
  2775 | Sewer    | Noticed a kobold brigand
  2796 | Sewer    | Slain by a kobold brigand

Illustrated notes

Levels and vault maps discovered:
D:1:      psy_arrival_radial01, layout_rooms,
          hellmonk_ecumenical_altar_pennies_from_heaven, minmay_fountain_box
D:2:      layout_basic, nicolae_concentric_dashed_squares_mild
D:3:      layout_loops_ring, portal_sewer_entry_f, chequers_decorated_corner
Sewer:    sewer_kobolds

Skill      XL: |  1  2 |
---------------+-------+-----
Dodging        | 3 |  3.5
Armour         | 1 |  1.3
Long Blades    | 3 |  3.8
Fighting       | |  3.8
Invocations    | |  2.6

Action                   |  1- 3 |  4- 6 || total
-------------------------+-------+-------++-------
Melee: Falchion          |   120 |    66 ||   186
       Punch             |     2 |       ||     2
Invok: Depart the Abyss  |     1 |       ||     1
  Use: Scroll            |     4 |     2 ||     6
       Potion            |       |     2 ||     2
 Stab: Sleeping          |     3 |       ||     3
       Invisible         |       |     5 ||     5
Armor: Leather armour    |    29 |    14 ||    43
Dodge: Dodged            |    80 |    66 ||   146

Table legend: (Time is in decaauts)
 A = Elapsed time spent in this place.
 B = Non-inter-level travel time spent in this place.
 C = Inter-level travel time spent in this place.
 D = Time resting spent in this place.
 E = Time spent auto-exploring this place.
 F = Levels seen in this place.
 G = Mean time per level.
                   A        B        C        D        E       F      G
               +--------+--------+--------+--------+--------+-----+--------+
         Total |   2798 |   2715 |     83 |    120 |   2168 |   5 |  559.6 |
       Dungeon |   2447 |   2364 |     83 |    110 |   1899 |   3 |  815.7 |
         Abyss |    104 |    104 |      0 |      0 |    102 |   1 |  104.0 |
         Sewer |    247 |    247 |      0 |     10 |    167 |   1 |  247.0 |
               +--------+--------+--------+--------+--------+-----+--------+

Top non-repeatable levels by time:
     D:1: 1242 daAuts
     D:2: 1129 daAuts
   Sewer: 247 daAuts
 Abyss:1: 104 daAuts
     D:3: 75 daAuts
